 Dungeon Crawl Stone Soup version 0.31-a0-344-gd109795599 (webtiles) character file.

Game seed: 7255387861143468489

128 AdnanSaban the Covered (level 5, -1/33 HPs)
             Began as a Gargoyle Fighter on July 22, 2023.
             Slain by a gnoll
             ... wielding a +1 flail of draining
              (9 damage)
             ... on level 3 of the Dungeon.
             The game lasted 00:02:05 (1812 turns).

AdnanSaban the Covered (Gargoyle Fighter)           Turns: 1812, Time: 00:02:05

Health: -1/33      AC: 12    Str: 22    XL:     5   Next: 12%
Magic:  5/5        EV:  9    Int:  8    God:
Gold:   95         SH:  4    Dex:  9    Spells: 4/4 levels left

rFire   . . .        a - +0 flail
rCold   . . .        c - +0 buckler
rNeg    + . .        b - +0 scale mail
rPois   ∞            (no helmet)
rElec   +            (no cloak)
rCorr   .            h - +0 pair of gloves
SInv    .            (no boots)
Will    .....        (no amulet) Stlth
                     (no ring)
HPRegen 0.25/turn    (no ring)
MPRegen 0.09/turn

%: no passive effects
@: no status effects
A: sickness immunity, AC +4, negative energy resistance 1, electricity
resistance, torment resistance 1, petrification resistance
a: no special abilities


You were on level 3 of the Dungeon.
You visited 1 branch of the dungeon, and saw 4 of its levels.

You collected 95 gold pieces.

Inventory:

Hand Weapons
 a - a +0 flail (weapon)
Missiles
 j - a throwing net
Armour
 b - a +0 scale mail (worn)
 c - a +0 buckler (worn)
 f - a +0 pair of gloves
 h - a +0 pair of gloves (worn)
Jewellery
 k - a ring of magical power
Scrolls
 g - a scroll of identify {unknown}
 i - a scroll of teleportation {unknown}
Potions
 d - a potion of might
 e - 2 potions of lignification {unknown}
 l - a potion of attraction {unknown}
 m - a potion of heal wounds {unknown}


   Skills:
 + Level 4.1 Fighting
 + Level 3.1 Maces & Flails
 + Level 4.3 Armour
 + Level 0.7 Dodging
 + Level 3.6 Shields


You had 4 spell levels left.
You didn't know any spells.
Your spell library was empty.

Dungeon Overview and Level Annotations

Branches:
Dungeon (4/15)
 Temple: D:4-7

Altars:
Nemelex Xobeh

Shops:
D:2 ?


Innate Abilities, Weirdness & Mutations

You are immune to sickness and miasma.
Your stone body is resilient. (AC +4)
You are immune to poison.
You resist negative energy. (rN+)
You are resistant to electric shocks. (rElec)
You are resistant to unholy torment.
You are immune to petrification.


Message History

There is a stone staircase leading down here.
You barely miss the gnoll.
The gnoll hits you with a +1 flail of draining!
The quokka barely misses you. The gnoll barely misses you.
You are too injured to fight recklessly!
You are too injured to fight recklessly!
You are too injured to fight recklessly!
You are too injured to fight recklessly!
You are too injured to fight recklessly!
You are too injured to fight recklessly!
You are too injured to fight recklessly!
You are too injured to fight recklessly!
You are too injured to fight recklessly!
You are too injured to fight recklessly!
You are too injured to fight recklessly!
You are too injured to fight recklessly!
You are too injured to fight recklessly!
You are too injured to fight recklessly!
You are too injured to fight recklessly!
You hit the gnoll.
The gnoll is moderately wounded.
The quokka closely misses you. You block the gnoll's attack.
The quokka bites you but does no damage.
You barely miss the gnoll.
The gnoll is moderately wounded.
You block the quokka's attack.
The gnoll hits you with a +1 flail of draining.
You thump the gnoll!
The gnoll is almost dead.
The quokka twitches its whiskers.
The quokka bites you.
* * * LOW HITPOINT WARNING * * *
You block the gnoll's attack.
The quokka bites you but does no damage.
The gnoll closely misses you.
You barely miss the gnoll.
The gnoll is almost dead.
The quokka barely misses you.
The gnoll hits you with a +1 flail of draining!
You die...

##############
############....r.......#
#...............@.## #.####
#.####.......####g#####....#
#.# #.##########†......# #
#.####.# #......######.# .#
....##.# #.####.# #.###.#
#.#.##.####.# #.# ##o..#
............# #)# ####.####
#.#.##.###### #.# #.......#
....##.# #.### #.##.##.#


You could see a gnoll and a quokka.

Vanquished Creatures
  Jessica (D:3)
  2 gnolls (D:4)
  3 adders (D:2)
  A worm (D:2)
  A dart slug (D:2)
  5 orcs
  2 bats
  3 endoplasms
  2 giant cockroaches (D:2)
  3 goblins
  6 hobgoblins
  5 kobolds (D:1)
  3 quokkas (D:1)
  A ball python (D:1)
  4 frilled lizards
  5 rats
47 creatures vanquished.

Notes
Turn   | Place    | Note
-------+----------+-------------------------------------------
     0 | D:1      | AdnanSaban the Gargoyle Fighter began the quest for the
                  | Orb.
     0 | D:1      | Reached XP level 1. HP: 14/14 MP: 1/1
   117 | D:1      | Reached XP level 2. HP: 19/19 MP: 2/2
   119 | D:1      | Found a faded altar of an unknown god.
   431 | D:1      | Reached XP level 3. HP: 20/24 MP: 3/3
  1118 | D:2      | Reached XP level 4. HP: 26/29 MP: 4/4
  1154 | D:2      | Found a sparkling altar of Nemelex Xobeh.
  1419 | D:2      | Found Ypuosh's Magic Scroll Boutique.
  1546 | D:3      | Noticed Jessica
  1552 | D:3      | Killed Jessica
  1801 | D:4      | Reached XP level 5. HP: 23/33 MP: 5/5
  1812 | D:3      | Slain by a gnoll

Illustrated notes

Levels and vault maps discovered:
D:1:      minmay_arrival_checkered_box, layout_loops_ring,
          ebering_ecumenical_altar_petrified
D:2:      layout_loops_ring, basic_altar, serial_shops,
          nicolae_shop_hallway_stairs, hangedman_decor_growths,
          corexii_leaking_fountain, minmay_misc_feat_secret_circle
D:3:      minmay_chambers_of_threes, layout_loops_ring, uniq_jessica
D:4:      layout_basic, mainiacjoe_overflow_alcove_4, marbit_many_paths,
          kennysheep_decorative_pillar, kennysheep_small_spiral,
          kennysheep_potato, uniq_eustachio, uniq_duvessa, uniq_robin

Skill      XL: |  1  2  3  4 |
---------------+-------------+-----
Armour         | 4 |  4.3
Fighting       | 4 |  4.1
Maces & Flails | 3 |  3.1
Dodging        | |  0.7
Shields        | |  3.6

Action                     |  1- 3 |  4- 6 || total
---------------------------+-------+-------++-------
  Melee: Flail             |   135 |    54 ||   189
 Armour: Scale mail        |    86 |    36 ||   122
  Dodge: Dodged            |    56 |    31 ||    87
  Block: Buckler           |    26 |    22 ||    48

Table legend: (Time is in decaauts)
 A = Elapsed time spent in this place.
 B = Non-inter-level travel time spent in this place.
 C = Inter-level travel time spent in this place.
 D = Time resting spent in this place.
 E = Time spent auto-exploring this place.
 F = Levels seen in this place.
 G = Mean time per level.
                   A        B        C        D        E       F      G
               +--------+--------+--------+--------+--------+-----+--------+
         Total |   1875 |   1806 |     69 |     86 |   1267 |   4 |  468.8 |
       Dungeon |   1875 |   1806 |     69 |     86 |   1267 |   4 |  468.8 |
               +--------+--------+--------+--------+--------+-----+--------+

Top non-repeatable levels by time:
     D:1: 830 daAuts
     D:2: 725 daAuts
     D:3: 196 daAuts
     D:4: 124 daAuts
